 Dungeon Crawl Stone Soup version 0.24.1-8-ga250c9d538 (webtiles) character file.

Game seed: 13187859911657523895, levelgen mode: deterministic

171 lepoulpe303 the Covered (level 5, 0/49 HPs)
             Began as a Deep Dwarf Fighter on Apr 30, 2020.
             Slain by a gnoll
             ... wielding a +0 halberd
              (8 damage)
             ... on level 4 of the Dungeon.
             The game lasted 00:10:55 (2267 turns).

lepoulpe303 the Covered (Deep Dwarf Fighter)        Turns: 2267, Time: 00:10:55

Health: 0/49       AC:  7    Str: 20    XL:     5   Next: 26%
Magic:  3/3        EV:  7    Int:  9    God:
Gold:   256        SH:  9    Dex: 12    Spells: 4/4 levels left

rFire    . . .     SeeInvis .   a - +0 war axe
rCold    . . .     Gourm    .   c - +0 shield
rNeg     . . .     Faith    .   j - +0 scale mail
rPois    .         Spirit   .   (no helmet)
rElec    .         Reflect  .   o - scarf {cloud immunity}
rCorr    .         Harm     .   (no gloves)
MR       .....                  (no boots)
Stlth    ..........             (no amulet)
HPRegen  0.00/turn              (no ring)
MPRegen  0.08/turn              (no ring)

@: non-regenerating
A: damage resistance, heal wounds, sense surroundings 1, no regeneration
a: Heal Wounds


You were on level 4 of the Dungeon.
You were not hungry.

You visited 1 branch of the dungeon, and saw 4 of its levels.

You collected 256 gold pieces.

Inventory:

Hand Weapons
 a - a +0 war axe (weapon)
Armour
 b - a +0 scale mail
 c - a +0 shield (worn)
 f - a +0 chain mail
 h - a cursed +0 cloak
 j - a +0 scale mail (worn)
 o - a scarf of cloud immunity (worn)
Wands
 d - a wand of clouds (4)
Scrolls
 i - 2 scrolls of identify
 l - a scroll of blinking {unknown}
 m - a scroll of fear {unknown}
 n - a scroll of noise {unknown}
 q - a scroll of teleportation {unknown}
 w - 3 scrolls of remove curse
Potions
 k - a potion of curing {unknown}
 p - a potion of degeneration {unknown}
 r - a potion of lignification {unknown}
Comestibles
 e - 8 rations
 g - 5 chunks of flesh


   Skills:
 + Level 3.3 Fighting
 * Level 4.0 Axes
 * Level 4.6 Armour
 + Level 4.0 Shields


You had 4 spell levels left.
You didn't know any spells.
Your spell library was empty.

Dungeon Overview and Level Annotations

Branches:
Dungeon (4/15)
 Temple: D:4-7

Altars:
Sif Muna

Annotations:
D:3 Sigmund


Innate Abilities, Weirdness & Mutations

You are resistant to damage.
You can heal yourself by infusing magical energy.
You passively map a small area around you.
You do not regenerate.


Message History

You take 7 damage, and have 18/49 hp.
You barely miss the gnoll. You block the gnoll's attack.
A gnoll comes into view.
You block the gnoll's attack.
You slash the gnoll!
You kill the gnoll!
Your Axes skill increases to level 4!
You completely miss the gnoll. The gnoll hits you.
* * * LOW HITPOINT WARNING * * *
The gnoll barely misses you.
You take 2 damage, and have 16/49 hp.
A gnoll comes into view.
You barely miss the gnoll. The gnoll hits you.
* * * LOW HITPOINT WARNING * * *
You block the gnoll's attack.
You take 3 damage, and have 13/49 hp.
You hit the gnoll but do no damage. The gnoll hits you!
* * * LOW HITPOINT WARNING * * *
The gnoll hits you from afar with a +0 halberd!
You die...

#...####.####.# ,
#.รท...........# ,*
#.<..#.#.....## ,
#....#........# , ,
#....###......# *,
#....###...)..# ,
#...........#.# * *
#.####.#####g##.# ,. *
...........@gg...####....
*.#.############..........
,* #.......... ,** *
#.#####....* , , ..., *
.## , ,* *###. , * * , ..
***, * #. ,, , * * *


You could see 3 gnolls.

Levels and vault maps discovered:
D:1:      lemuel_arrival_river_bridge, layout_loops_ring
D:2:      layout_basic, first_ration, minmay_gold_behind_fungi,
          lexackson_kobold_supper
D:3:      layout_loops_ring, led_xom_imps, uniq_natasha, uniq_sigmund,
          uniq_jessica
D:4:      layout_basic, old_standard_altar, corner_web_ring

Notes
Turn   | Place    | Note
-------+----------+-------------------------------------------
     0 | D:1      | lepoulpe303 the Deep Dwarf Fighter began the quest for the
                  | Orb.
     0 | D:1      | Reached XP level 1. HP: 20/20 MP: 1/1
    35 | D:1      | Identified a +0 club
    95 | D:1      | Identified a +0 dagger
    97 | D:1      | Identified a +0 club
    99 | D:1      | Reached XP level 2. HP: 21/27 MP: 2/2
   185 | D:1      | Identified a +0 scale mail (You found it on level 1 of the
                  | Dungeon)
   195 | D:1      | Identified a +0 short sword
   281 | D:1      | Identified a +0 spear
   309 | D:1      | Identified a +0 club
   407 | D:1      | Identified a +0 dagger
   483 | D:1      | HP: 3/27 [gnoll/+0 spear (8)]
   489 | D:1      | Reached skill level 3 in Axes
   489 | D:1      | Reached XP level 3. HP: 12/33 MP: 1/1
   669 | D:1      | HP: 8/33 [dart slug/slug dart (4)]
   927 | D:2      | Reached skill level 4 in Armour
   952 | D:2      | Reached skill level 3 in Fighting
  1002 | D:2      | Identified a +0 club
  1058 | D:2      | Reached XP level 4. HP: 34/42 MP: 2/2
  1085 | D:2      | Identified a cursed -2 club
  1342 | D:2      | Identified a +0 short sword
  1342 | D:2      | Identified a +0 dagger
  1343 | D:2      | Identified a +0 dagger of protection
  1449 | D:2      | Identified 2 scrolls of remove curse
  1450 | D:2      | Identified a +0 dagger
  1644 | D:2      | Identified 2 scrolls of identify
  1644 | D:2      | Identified a scarf of cloud immunity (You found it on level
                  | 2 of the Dungeon)
  1740 | D:3      | Identified a +0 scythe
  1740 | D:3      | Identified a +0 robe
  1740 | D:3      | Noticed Sigmund
  1934 | D:3      | Noticed Natasha
  1948 | D:3      | Killed Natasha
  2089 | D:3      | Identified a +0 robe
  2089 | D:3      | Noticed Jessica
  2089 | D:3      | Identified a +0 dagger
  2094 | D:3      | Killed Jessica
  2094 | D:3      | Reached skill level 4 in Shields
  2094 | D:3      | Reached XP level 5. HP: 30/49 MP: 3/3
  2173 | D:3      | HP: 10/49 [something (10)]
  2176 | D:3      | HP: 2/49 [something/magic dart (6)]
  2240 | D:4      | Found a shimmering blue altar of Sif Muna.
  2249 | D:4      | Identified a +0 flail
  2249 | D:4      | Identified a +0 halberd
  2262 | D:4      | Reached skill level 4 in Axes
  2267 | D:4      | HP: 8/49 [gnoll (5)]
  2267 | D:4      | Slain by a gnoll

Table legend:
 A = Turns spent in this place as a percentage of turns spent in the entire game.
 B = Non-inter-level travel turns spent in this place as a percentage of non-inter-level travel turns spent in the entire game.
 C = Inter-level travel turns spent in this place as a percentage of turns spent in this place.
 D = Turns resting spent in this place as a percentage of non-inter-level travel turns spent in this place.
 E = Turns spent auto-exploring this place as a percentage of non-inter-level travel turns spent in this place.
 F = Non-inter-level travel turns spent in this place divided by the number of levels of this place that you've seen.
                   A       B       C       D       E      F
               +-------+-------+-------+-------+-------+----------------------
         Total | 100.0 | 100.0 |   4.1 |   0.0 |  56.5 | 543.5
       Dungeon | 100.0 | 100.0 |   4.1 |   0.0 |  56.5 | 543.5
               +-------+-------+-------+-------+-------+----------------------

Table legend:
 A = Kills in this place as a percentage of kills in entire the game.
 B = Kills by you in this place as a percentage of kills by you in the entire game.
 C = Kills by friends in this place as a percentage of kills by friends in the entire game.
 D = Other kills in this place as a percentage of other kills in the entire game.
 E = Experience gained in this place as a percentage of experience gained in the entire game.
 F = Experience gained in this place divided by the number of levels of this place that you have seen.
                   A       B       C       D       E      F
               +-------+-------+-------+-------+-------+----------------------
         Total | 100.0 | 100.0 |   N/A |   N/A | 100.0 |  61.2
       Dungeon | 100.0 | 100.0 |   N/A |   N/A | 100.0 |  61.2
               +-------+-------+-------+-------+-------+----------------------

Skill      XL: |  1  2  3  4  5 |
---------------+----------------+-----
Axes           | 3 4 |  4.0
Armour         | 4 |  4.6
Fighting       | 3 |  3.3
Shields        | 4 |  4.0

Action                   |  1- 3 |  4- 6 || total
-------------------------+-------+-------++-------
Melee: War axe           |   155 |   125 ||   280
 Abil: Heal Wounds       |     3 |     1 ||     4
  Use: Scroll            |       |     2 ||     2
       Potion            |       |     1 ||     1
  Eat: Chunk             |     1 |     4 ||     5
Armor: Scale mail        |   102 |    64 ||   166
Dodge: Dodged            |    72 |    40 ||   112
Block: Shield            |   153 |    88 ||   241

Vanquished Creatures
  Jessica (D:3)
  Natasha (D:3)
  3 adders (D:2)
  2 gnolls
  An ooze (D:2)
  A worm (D:2)
  2 dart slugs (D:1)
  3 leopard geckos
  2 giant cockroaches
  9 goblins
  6 hobgoblins
  9 kobolds
  4 ball pythons
  10 bats
  4 frilled lizards
  12 rats
  A plant (D:2)
71 creatures vanquished.

Vanquished Creatures (others)
  3 toadstools (D:2)
3 creatures vanquished.

Grand Total: 74 creatures vanquished
